 Dungeon Crawl Stone Soup version 0.24-a0-250-g6074511 (webtiles) character file.

Game seed: 8301963758228772548

11712 Muppet the Cleaver (level 11, -3/99 HPs)
             Began as a Deep Dwarf Fighter on Apr 16, 2019.
             Was an Elder of Makhleb.
             Slain by a water elemental (9 damage)
             ... on level 12 of the Dungeon.
             The game lasted 00:58:11 (10741 turns).

Muppet the Cleaver (Deep Dwarf Fighter)            Turns: 10741, Time: 00:58:12

Health: -3/99      AC: 16    Str: 22    XL:     11   Next: 52%
Magic:  9/9        EV:  6    Int: 10    God:    Makhleb [****..]
Gold:   710        SH: 13    Dex: 12    Spells: 10/10 levels left

rFire    + . .     SeeInvis .   a - +1 war axe
rCold    . . .     Gourm    .   c - +1 shield
rNeg     . . .     Faith    +   u - +0 plate armour
rPois    .         Spirit   .   (no helmet)
rElec    .         Reflect  .   (no cloak)
rCorr    .         Harm     .   (no gloves)
MR       +....                  (no boots)
Stlth    ..........             t - amulet of faith
HPRegen  0.00/turn              l - ring of flight
MPRegen  0.11/turn              G - ring of protection from fire

@: engulfed (cannot breathe), non-regenerating
A: damage resistance, heal wounds, iridescent scales 1, camouflage 1, sense
surroundings 2, no regeneration
a: Heal Wounds, Minor Destruction, Lesser Servant of Makhleb, Major Destruction,
Renounce Religion, Evoke Flight


You were on level 12 of the Dungeon.
You worshipped Makhleb.
Makhleb was greatly pleased with you.
You were not hungry.

You visited 2 branches of the dungeon, and saw 13 of its levels.

You collected 710 gold pieces.

Inventory:

Hand Weapons
 a - a +1 war axe (weapon)
 n - a +3 flail of freezing
 w - a +2 dagger of electrocution
 x - a +4 morningstar
 H - a +5 hand axe
Missiles
 i - 274 stones
 A - 5 tomahawks (quivered)
Armour
 c - a +1 shield (worn)
 u - a +0 plate armour (worn)
 E - a +0 ring mail of cold resistance
Jewellery
 l - a ring of flight (left hand)
 t - an amulet of faith (around neck)
 y - an uncursed ring of wizardry
 D - an uncursed amulet of magic regeneration
 G - a ring of protection from fire (right hand)
Wands
 q - a wand of iceblast (7)
 r - a wand of paralysis (24)
 B - a wand of disintegration (6)
 K - a wand of flame (34)
 O - a wand of random effects (11)
 R - a wand of scattershot (3)
Scrolls
 b - 3 scrolls of remove curse
 g - a scroll of amnesia
 h - a scroll of enchant armour
 j - 3 scrolls of magic mapping
 o - 6 scrolls of teleportation
 I - a scroll of immolation {unknown}
 J - a scroll of blinking
 M - a scroll of vulnerability {unknown}
 N - a scroll of holy word
 Q - a scroll of identify
Potions
 d - 2 potions of might
 k - 4 potions of brilliance
 m - 3 potions of curing
 p - a potion of haste {unknown}
 s - 3 potions of flight
 v - a potion of heal wounds
 z - 2 potions of cancellation
 C - a potion of resistance {unknown}
 F - a potion of agility {unknown}
 L - a potion of mutation
 P - 2 potions of lignification
Miscellaneous
 e - a phantom mirror
Comestibles
 f - 19 rations


   Skills:
 + Level 6.9 Fighting
 + Level 12.5 Axes
 + Level 10.0 Armour
 + Level 9.9 Shields
 + Level 4.9 Invocations


You had 10 spell levels left.
You didn't know any spells.
Your spell library was empty.

Dungeon Overview and Level Annotations

Branches:
Dungeon (12/15)            Temple (1/1) D:4            Lair (0/6) D:11
    Orc (0/2) D:9

Altars:
Ashenzari
Cheibriados
Dithmenos
Elyvilon
Fedhas
Gozag
Hepliaklqana
Kikubaaqudgha
Makhleb
Nemelex Xobeh
Okawaru
Qazlal
Ru
Sif Muna
Trog
Uskayaw
Vehumet
Wu Jian
Xom
Yredelemnul
Zin
The Shining One

Shops:
D:8 [

Annotations:
D:3 1 runed translucent door, Crazy Yiuf
D:4 exclusion: downstairs
D:6 exclusion: 2 downstairs
D:7 exclusion: 2 downstairs, Joseph
D:10 exclusion: downstairs


Innate Abilities, Weirdness & Mutations

You are resistant to damage.
You can heal yourself by infusing magical energy.
You passively map the area around you.
You do not regenerate.
You are partially covered in iridescent scales. (AC +2)
Your skin changes colour to match your surroundings (Stealth+).


Message History

The water elemental is heavily damaged.
* * * LOW HITPOINT WARNING * * *
Your lungs strain for air!
The water elemental hits you!
* * * LOW HITPOINT WARNING * * *
You hit the water elemental.
The water elemental is heavily damaged.
* * * LOW HITPOINT WARNING * * *
Your lungs strain for air!
You block the water elemental's attack.
You slash the water elemental!
The water elemental is almost destroyed.
* * * LOW HITPOINT WARNING * * *
Your lungs strain for air!
You closely miss the water elemental.
The water elemental is almost destroyed.
* * * LOW HITPOINT WARNING * * *
Your lungs strain for air!
The water elemental hits you!
You die...

* , ,≈ *, *
.≈≈≈≈≈≈ , ,
.P≈≈≈≈ ,, *
*,###..≈≈≈≈
, * * ,,
#....≈≈≈≈≈
,, *
,#....P≈≈≈≈
*
,,#...P≈≈≈≈
,,
#..≈≈≈≈≈≈,,,
* #@E[≈≈≈≈≈
, , *
#..≈≈≈≈≈≈, ,
....≈≈≈≈. ,,
.#.#..≈≈≈≈ ,
....#..≈≈.≈
* * .#
....≈≈≈≈. ,
, ..
...,≈P≈P.
,*## .#..
P≈≈≈. * **,
, * ≈≈≈ , *


You could see a water elemental.

Vanquished Creatures
  2 two-headed ogres
  Pikel (D:7)
  Psyche (D:8)
  A kobold demonologist (D:11)
  3 trolls
  A queen bee (D:9)
  Grinder (D:6)
  A hornet (D:9)
  3 hippogriffs
  A dream sheep (shapeshifter) (D:11)
  Sigmund (D:2)
  2 wraiths (D:10)
  Eustachio (D:3)
  3 hungry ghosts
  Menkaure (D:4)
  A water moccasin (D:3)
  Edmund (D:5)
  A porcupine (D:11)
  3 orc warriors
  A sky beast (D:11)
  4 ice beasts
  2 slaves
  5 ogres
  2 phantoms
  4 centaurs
  A big kobold (D:10)
  5 bullfrogs
  2 scorpions
  10 wights
  20 killer bees
  2 crimson imps
  A bullfrog zombie (D:11)
  2 quasits
  3 hounds
  A jelly (D:6)
  6 orc wizards
  3 bullfrog skeletons
  2 centaur skeletons
  An iguana (D:10)
  5 worker ants
  Natasha (thrice) (D:3)
  A hell rat (D:11)
  A killer bee zombie (D:7)
  2 hound zombies
  A howler monkey zombie (D:11)
  A mummy (D:7)
  A river rat (D:11)
  10 adders
  4 shadow imps
  2 adder skeletons
  2 adder zombies
  5 worms
  4 dart slugs (D:1)
  9 leopard geckos
  19 orcs
  5 giant cockroaches
  10 goblins
  7 hobgoblins
  14 jackals
  13 kobolds
  2 quokkas
  3 ball pythons
  10 bats
  5 frilled lizards
  A quokka skeleton (D:5)
  9 rats
255 creatures vanquished.

Vanquished Creatures (collateral kills)
  A two-headed ogre (D:11)
  3 death yaks (D:11)
  2 wights (D:11)
  A centaur skeleton (D:11)
  A worker ant (D:11)
8 creatures vanquished.

Grand Total: 263 creatures vanquished

Notes
Turn   | Place    | Note
-------+----------+-------------------------------------------
     0 | D:1      | Muppet the Deep Dwarf Fighter began the quest for the Orb.
     0 | D:1      | Reached XP level 1. HP: 20/20 MP: 1/1
   139 | D:1      | Reached skill level 3 in Axes
   139 | D:1      | Reached XP level 2. HP: 24/27 MP: 2/2
   308 | D:1      | Reached XP level 3. HP: 5/33 MP: 3/3
   402 | D:1      | Reached skill level 4 in Axes
   749 | D:2      | Found a glowing golden altar of the Shining One.
   751 | D:2      | Found a glowing silver altar of Zin.
   751 | D:2      | Found a white marble altar of Elyvilon.
   785 | D:2      | Found a shimmering altar of Xom.
   931 | D:2      | Reached XP level 4. HP: 29/40 MP: 2/2
  1029 | D:2      | Found a shadowy altar of Dithmenos.
  1030 | D:2      | Noticed Sigmund
  1048 | D:2      | Killed Sigmund
  1048 | D:2      | Reached skill level 6 in Axes
  1048 | D:2      | Reached XP level 5. HP: 7/46 MP: 3/3
  1589 | D:3      | Reached XP level 6. HP: 50/55 MP: 3/3
  1641 | D:3      | Found a runed translucent door.
  1642 | D:3      | Noticed Crazy Yiuf
  1748 | D:3      | Noticed a water moccasin
  1750 | D:3      | Noticed Natasha
  1764 | D:3      | Killed a water moccasin
  1791 | D:3      | Killed Natasha
  1870 | D:3      | Noticed Natasha
  1878 | D:3      | Killed Natasha
  1965 | D:3      | Noticed Natasha
  2212 | D:3      | Killed Natasha
  2285 | D:4      | Found a staircase to the Ecumenical Temple.
  2297 | Temple   | Entered the Ecumenical Temple
  2498 | Temple   | Became a worshipper of Makhleb the Destroyer
  2524 | D:4      | Noticed Eustachio
  2524 | D:4      | Noticed Menkaure
  2553 | D:4      | Reached XP level 7. HP: 50/62 MP: 4/4
  2597 | D:4      | Got a faintly glowing zirconium amulet
  2598 | D:4      | Identified the amulet "Lekka" {Harm *Corrode *Drain Str-2
                  | Dex+4 Stlth+} (You found it on level 4 of the Dungeon)
  2688 | D:3      | Killed Eustachio
  2688 | D:3      | Reached skill level 7 in Axes
  2688 | D:3      | Reached skill level 5 in Shields
  2989 | D:4      | Gained mutation: Your skin changes colour to match your
                  | surroundings (Stealth+). [potion of mutation]
  2989 | D:4      | Gained mutation: You are partially covered in iridescent
                  | scales. (AC +2) [potion of mutation]
  3265 | D:5      | Entered Level 5 of the Dungeon
  3358 | D:5      | Reached skill level 5 in Armour
  3661 | D:5      | Noticed Edmund
  3732 | D:4      | Killed Menkaure
  3795 | D:5      | Killed Edmund
  3795 | D:5      | Reached XP level 8. HP: 30/72 MP: 5/5
  4025 | D:6      | Noticed Grinder
  4038 | D:6      | Killed Grinder
  4038 | D:6      | Reached skill level 8 in Axes
  4436 | D:6      | Reached * piety under Makhleb
  4660 | D:6      | Got a heavy robe
  4661 | D:6      | Identified the +2 robe of Hohor {rN+} (You found it on
                  | level 6 of the Dungeon)
  4955 | D:7      | Noticed Joseph
  5157 | D:7      | Found a snail-covered altar of Cheibriados.
  5407 | D:7      | Gained mutation: You passively map the area around you.
                  | [Deep Dwarf growth]
  5407 | D:7      | Reached XP level 9. HP: 46/79 MP: 6/6
  5492 | D:7      | Found an opulent altar of Gozag.
  5492 | D:7      | Found a blossoming altar of Fedhas.
  5547 | D:6      | Reached skill level 9 in Axes
  5728 | D:7      | Reached ** piety under Makhleb
  5728 | D:7      | Reached skill level 1 in Invocations
  5923 | D:7      | Found an ornate altar of the Wu Jian Council.
  5923 | D:7      | Found a radiant altar of Vehumet.
  5925 | D:7      | Found a deep blue altar of Sif Muna.
  5926 | D:7      | Found a shattered altar of Ashenzari.
  5994 | D:7      | Noticed Pikel
  6203 | D:7      | Killed Pikel
  6203 | D:7      | Reached skill level 5 in Fighting
  6596 | D:8      | Reached skill level 10 in Axes
  6887 | D:8      | Noticed Psyche
  6911 | D:8      | Killed Psyche
  6911 | D:8      | Reached XP level 10. HP: 85/88 MP: 9/9
  7251 | D:9      | Noticed a two-headed ogre
  7257 | D:9      | Killed a two-headed ogre
  7361 | D:9      | Reached *** piety under Makhleb
  7524 | D:9      | Noticed a +0 dagger
  7525 | D:9      | Noticed a +0 dagger
  7526 | D:9      | Found a hide-covered altar of Uskayaw.
  7577 | D:9      | Found a staircase to the Orcish Mines.
  7596 | D:9      | Reached skill level 11 in Axes
  8152 | D:9      | Paralysed by a hornet for 1 turns
  8388 | D:8      | Found Fyufecye's Armour Shoppe.
  8472 | D:9      | Reached **** piety under Makhleb
  8592 | D:10     | Entered Level 10 of the Dungeon
  9652 | D:10     | Reached XP level 11. HP: 81/98 MP: 9/9
  9796 | D:11     | Noticed a death yak
  9800 | D:11     | Noticed a death yak
 10041 | D:11     | Noticed a two-headed ogre
 10055 | D:11     | Killed a two-headed ogre
 10120 | D:11     | Reached skill level 12 in Axes
 10293 | D:11     | Noticed a two-headed ogre
 10301 | D:11     | Killed a two-headed ogre
 10384 | D:11     | Found a staircase to the Lair.
 10395 | D:11     | Noticed a death yak
 10403 | D:11     | Killed a death yak
 10409 | D:11     | Killed a death yak
 10413 | D:11     | Killed a death yak
 10413 | D:11     | Reached skill level 10 in Armour
 10741 | D:12     | Slain by a water elemental

Levels and vault maps discovered:
D:1:      wander_arrival_peaceful_grave, layout_loops_cross,
          grunt_decor_resistance, hangedman_decor_growths
D:2:      layout_basic, good_gods_mini_temple, nicolae_overflow_crystal_walls,
          lemuel_round_altar, first_ration, corexii_corridor_pit,
          serial_bayou_ford_a, uniq_sigmund
D:3:      layout_basic, kennysheep_generic_room_8, uniq_natasha,
          uniq_crazy_yiuf_cottage
D:4:      layout_cave_pools, minmay_temple_entry_grid, uniq_eustachio,
          uniq_menkaure
D:5:      layout_cave_pools, uniq_edmund
D:6:      layout_basic, uniq_grinder
D:7:      layout_gridville, slow_altar_1, grunt_temple_overflow_open,
          uniq_pikel, uniq_joseph
D:8:      layout_rooms, serial_shops, shop, uniq_psyche
D:9:      layout_loops_corners, dancing_weapons_uskayaw, orc_0_dummy,
          david_nohive_1
D:10:     layout_basic
D:11:     layout_gridville, dpeg_lair_monsters
D:12:     kennysheep_spiral_hall, layout_basic, chequers_big_river, uniq_urug
Temple:   compressed_dpeg_triangle_lava_temple

Skill      XL: |  1  2  3  4  5  6  7  8  9 10 11 |
---------------+----------------------------------+-----
Axes           | 3 4 6 7 8 10 11 12 | 12.5
Fighting       | 3 4 5 6 |  6.9
Shields        | 4 5 6 7 9 |  9.9
Armour         | 4 5 6 7 9 10 | 10.0
Invocations    | 4 |  4.9

Action                   |  1- 3 |  4- 6 |  7- 9 | 10-12 || total
-------------------------+-------+-------+-------+-------++-------
Melee: Dagger            |   117 |   220 |   138 |       ||   475
       War axe           |    10 |       |   328 |   493 ||   831
       Morningstar       |       |       |     4 |       ||     4
       Hand axe          |       |       |       |    94 ||    94
Throw: Stone             |     9 |    19 |     7 |       ||    35
       Tomahawk          |       |       |    20 |    18 ||    38
Invok: Lesser Servant of |       |       |       |     5 ||     5
 Abil: Heal Wounds       |     2 |     4 |    13 |     4 ||    23
Evoke: Wand              |       |       |       |     3 ||     3
  Use: Scroll            |       |     2 |    15 |     8 ||    25
       Potion            |       |       |     2 |     5 ||     7
 Stab: Distracted        |       |       |       |     1 ||     1
  Eat: Chunk             |       |     6 |     4 |    13 ||    23
       Ration            |       |       |     3 |     2 ||     5
Armor: Scale mail        |    47 |    79 |   130 |       ||   256
       Chain mail        |       |       |   132 |       ||   132
       Plate armour      |       |       |    53 |   294 ||   347
Dodge: Dodged            |    46 |    52 |   183 |   115 ||   396
Block: Shield            |    61 |    98 |   351 |   359 ||   869

Table legend:
 A = Non-vault XP
 B = Vault XP
 C = Vault XP percentage of total XP
 D = Non-vault monster count
 E = Vault monster count
 F = Vault count percentage of total count
                 A         B        C        D         E       F
            +---------+---------+-------+---------+---------+-------
      Total |   11618 |    5114 |  30.6 |     226 |      35 |  13.4
            +---------+---------+-------+---------+---------+-------
        D:1 |      57 |       0 |   0.0 |      30 |       0 |   0.0
        D:2 |      71 |     220 |  75.6 |      19 |       1 |   5.0
        D:3 |     325 |     228 |  41.2 |      34 |       4 |  10.5
        D:4 |     174 |     172 |  49.7 |       5 |       1 |  16.7
        D:5 |     367 |     149 |  28.9 |      11 |       1 |   8.3
        D:6 |     729 |     286 |  28.2 |      22 |       1 |   4.3
        D:7 |     873 |     647 |  42.6 |      25 |       2 |   7.4
        D:8 |    1219 |     434 |  26.3 |      15 |       1 |   6.2
        D:9 |    2446 |    1242 |  33.7 |      18 |      16 |  47.1
       D:10 |    1383 |       0 |   0.0 |      20 |       0 |   0.0
       D:11 |    3974 |    1736 |  30.4 |      27 |       8 |  22.9
            +---------+---------+-------+---------+---------+-------
